 Dungeon Crawl Stone Soup version 0.22-a0-283-g1871b15 (webtiles) character file.

555668 vishdafish the Fencer (level 26, -14/170 HPs)
             Began as a Gargoyle Fighter on Mar 18, 2018.
             Was a Priest of Kikubaaqudgha.
             Demolished by a titan (28 damage)
             ... created by the fury of Okawaru
             ... on level 5 of the Vaults on Mar 19, 2018.
             The game lasted 03:05:14 (55640 turns).

vishdafish the Fencer (Gargoyle Fighter)           Turns: 55640, Time: 03:05:19

Health: -14/170    AC: 53    Str: 33    XL:     26   Next: 46%
Magic:  36/36      EV: 14    Int: 20    God:    Kikubaaqudgha [***...]
Gold:   2739       SH:  0    Dex:  9    Spells: 35/51 levels left

rFire    + + .     SeeInvis +   K - +10 zealot's sword {holy, *Rage rN+ EV+3}
rCold    + . .     Gourm    .   B - +1 shield {reflect}
rNeg     + + +     Faith    .   W - +5 plate armour of Pan-Flutes {Regen+ rCorr Str+3}
rPois    ∞         Spirit   .   I - +0 helmet {SInv}
rElec    +         Reflect  +   e - scarf {repulsion}
rCorr    +         Harm     .   U - +2 pair of gloves
MR       +++++     Clarity  +   J - +3 pair of boots "Hottio Utai" {rF+ MR+}
Stlth    ..........             x - amulet of the Four Winds {rN+ MR+++ Clar}
HPRegen  1.18/turn              R - ring "Ziyllaro" {+Blink Str+2 Int+3 Slay+5 Stlth+}
MPRegen  0.25/turn              S - ring of Meddanyb {*Drain rF+ rC+ Str+3}

@: confused, mighty, hasted, constricted, repel missiles, very quick
A: big wings, claws 1, talons 1, berserk 1, dopey 2, low mp 1, negative energy
resistance 1, regeneration 1, screaming 1, electricity resistance, unbreathing,
petrification resistance, rot immunity, AC +20
}: 3/15 runes: decaying, serpentine, slimy
a: Fly, Receive Corpses, Renounce Religion, Evoke Blink


You were on level 5 of the Vaults.
You worshipped Kikubaaqudgha.
Kikubaaqudgha was most pleased with you.
You were not hungry.

You visited 10 branches of the dungeon, and saw 50 of its levels.
You visited the Abyss 1 time.
You also visited: Labyrinth and Trove.

You collected 6221 gold pieces.
You spent 3482 gold pieces at shops.

Inventory:

Hand Weapons
 c - a +2 double sword of holy wrath
 K - the +10 zealot's sword (weapon) {holy, *Rage rN+ EV+3}
   (You bought it in a shop on level 3 of the Snake Pit)

   It has been blessed by the Shining One to cause great damage to the undead
   and demons.
   It affects your evasion (+3).
   It protects you from negative energy.
   It may make you go berserk in combat.
Missiles
 p - a tomahawk of dispersal (quivered)
Armour
 e - a scarf of repulsion (worn)
 B - a +1 shield of reflection (worn)
 I - a +0 helmet of see invisible (worn)
 J - the +3 pair of boots "Hottio Utai" (worn) {rF+ MR+}
   (You found it on level 8 of the Dungeon)

   It protects you from fire.
   It affects your resistance to hostile enchantments.
 U - a +2 pair of gloves (worn)
 V - a scarf of cloud immunity
 W - the +5 plate armour of Pan-Flutes (worn) {Regen+ rCorr Str+3}
   (Okawaru gifted it to you on level 2 of the Orcish Mines)

   It affects your strength (+3).
   It increases your rate of regeneration.
   It protects you from acid and corrosion.
Jewellery
 x - the amulet of the Four Winds (around neck) {rN+ MR+++ Clar}
   (You found it on level 5 of the Pits of Slime)

   [amulet of nothing]

   It protects you from negative energy.
   It affects your resistance to hostile enchantments.
   It protects you against confusion.
 y - an uncursed ring of wizardry
 R - the ring "Ziyllaro" (left hand) {+Blink Str+2 Int+3 Slay+5 Stlth+}
   (You found it on level 5 of the Pits of Slime)

   [ring of stealth]

   It affects your strength (+2).
   It affects your intelligence (+3).
   It affects your accuracy and damage with ranged weapons and melee attacks
   (+5).
   It lets you blink.
   It makes you more stealthy.
 S - the ring of Meddanyb (right hand) {*Drain rF+ rC+ Str+3}
   (You found it on level 1 of the Swamp)

   [ring of protection from cold]

   It affects your strength (+3).
   It protects you from fire.
   It protects you from cold.
   It causes draining when unequipped.
 Z - a +5 ring of evasion
Wands
 a - a wand of clouds (12)
 i - a wand of enslavement (26)
 o - a wand of paralysis (53)
 r - a wand of random effects (233)
 w - a wand of digging (113)
 Q - a wand of disintegration (41)
 X - a wand of acid (16)
 Y - a wand of flame (16)
Scrolls
 b - 3 scrolls of silence
 g - 23 scrolls of remove curse
 l - 9 scrolls of enchant armour
 m - 6 scrolls of vulnerability
 s - 7 scrolls of fog
 z - 14 scrolls of magic mapping
 A - 4 scrolls of summoning
 C - 5 scrolls of immolation
 E - 8 scrolls of enchant weapon
 F - 5 scrolls of fear
 L - 4 scrolls of brand weapon
 M - a scroll of identify
 P - 3 scrolls of holy word
Potions
 d - 4 potions of agility
 h - a potion of haste
 j - 9 potions of lignification
 k - 9 potions of resistance
 n - 12 potions of curing
 q - 4 potions of mutation
 v - 5 potions of cancellation
 D - 6 potions of magic
 G - a potion of might
 O - 5 potions of brilliance
Miscellaneous
 T - 7 sacks of spiders
Comestibles
 f - 58 rations


   Skills:
 - Level 18.6 Fighting
 - Level 20.0 Long Blades
 - Level 18.0 Armour
 - Level 12.5 Dodging
 - Level 16.0 Shields
 - Level 13.1 Spellcasting
 * Level 17.2 Summonings
 - Level 14.1 Earth Magic
   Level 10.0 Invocations


You had 35 spell levels left.
You knew the following spells:

 Your Spells              Type           Power        Failure   Level  Hunger
a - Lee's Rapid Deconstr  Erth           ######....   1%          5    ####...
b - Aura of Abjuration    Summ           ######....   1%          5    ####...
c - Shadow Creatures      Summ           N/A          2%          6    #####..


Dungeon Overview and Level Annotations

Branches:
Dungeon (15/15)            Temple (1/1) D:7            Lair (6/6) D:10
  Swamp (4/4) Lair:4        Snake (4/4) Lair:2        Slime (5/5) Lair:5
    Orc (2/2) D:9             Elf (3/3) Orc:2        Vaults (5/5) D:14
  Crypt (0/3) Vaults:3     Depths (5/5) D:15            Zot (0/5) Depths:5

Altars:
Ashenzari
Cheibriados
Dithmenos
Elyvilon
Fedhas
Gozag
Hepliaklqana
Kikubaaqudgha
Makhleb
Nemelex Xobeh
Okawaru
Qazlal
Ru
Sif Muna
Trog
Uskayaw
Vehumet
Wu Jian
Xom
Yredelemnul
Zin
The Shining One
Jiyva

Shops:
D:5 *   D:10 [   D:11 =}   Orc:2 (*[=   Snake:2 }}=   Snake:3 (   Vaults:4 *[??
Depths:1 *   Depths:4 *

Portals:
Hell: Depths:1 Depths:2 Depths:3 Depths:4 Depths:5
Abyss: Depths:4 Depths:5
Pandemonium: Depths:3
Ziggurat: Depths:1


Innate Abilities, Weirdness & Mutations

You are resistant to torment.
Your stone body is resilient. (AC +20)
You are immune to poison.
Your large and strong wings let you fly indefinitely.
You resist negative energy. (rN+)
You are resistant to electric shocks. (rElec)
You can survive without breathing.
You are immune to petrification.
You are immune to rotting.
You have sharp fingernails.
You have sharp toenails.
You tend to lose your temper in combat.
You are very dopey. (Int -4)
Your magical capacity is low. (-10% MP)
Your natural rate of healing is unusually fast.
You occasionally shout uncontrollably at your foes.


Message History

The deep elf archer is killed!
That felt strangely unrewarding.
A vault sentinel comes into view. It is wielding a long sword.
You barely miss the titan.
The vault sentinel shouts!
The tentacled monstrosity completely misses you.
The tentacled monstrosity tentacle-slaps you but does no damage.
The tentacled monstrosity barely misses you.
The tentacled monstrosity constricts you.
The deep elf blademaster hits you but does no damage.
The deep elf blademaster misses you.
You slash the titan!
The titan is lightly wounded.
The deep elf mage casts a spell at you.
The bolt of lightning hits the titan.
The titan completely resists.
The bolt of lightning misses you.
The golden dragon breathes poison at you.
The blast of poison engulfs you! You resist. The titan hits you!!
You die...
Kikubaaqudgha rasps: "You have failed me!
Welcome... oblivion!"

########################
.............§ee§X§§§e..
.........p...§eC@DC§§..e
##################DT§...
.....## p.... #+....+
.... )#....# ...
.#.=..#... .. #'....'...
. e.$..###.. .# #'##+#
#+##+##+##'#


You could see a shadow dragon, a tentacled monstrosity, a titan, a golden
dragon, a deep elf blademaster, a fire giant (confused), a deep troll, a vault
sentinel, a deep elf knight (confused), a deep elf high priest and 2 deep elf
magi.

Vanquished Creatures
  the Royal Jelly (Slime:5)
  Mennas (Depths:3)
  A juggernaut (Depths:4)
  Saint Roka (Elf:3)
  Frederick (Vaults:2)
  5 liches
  The ghost of galech the Wrestler, an adept TrMo of Okawaru (Depths:2)
  A quicksilver dragon (Depths:3)
  5 tentacled monstrosities
  7 titans
  3 deep elf blademasters
  A deep elf master archer (Vaults:4)
  37 acid blobs
  2 tentacled starspawn (Abyss:4)
  6 sphinxes
  Kirke (Lair:5)
  3 thorn hunters
  2 storm dragons
  6 tengu reavers
  12 nagarajas
  21 azure jellies
  12 frost giants
  7 shadow dragons
  A revenant (Vaults:3)
  10 fire giants
  A balrug (Depths:1)
  2 orc warlords
  7 deep elf sorcerers
  A frost giant (shapeshifter) (Depths:2)
  11 vault wardens
  A draconian shifter (Depths:5)
  2 draconian annihilators (Depths:5)
  4 deep elf elementalists
  A reaper (Depths:3)
  A war gargoyle (Vaults:4)
  23 very ugly things
  The ghost of Tovarisch the Martial Artist, a journeyman GnTm of Gozag (Lair:6)
  A green draconian (Abyss:4)
  3 ironheart preservers
  20 stone giants
  A vampire knight (Depths:4)
  A black draconian (Depths:5)
  Nessos (Lair:6)
  8 deep elf demonologists
  9 deep elf annihilators
  2 red draconians (Depths:5)
  A purple draconian (Depths:5)
  3 spark wasps (Depths:5)
  An eidolon (Abyss:4)
  A minotaur (Lab)
  8 ettins
  Snorg (Lair:6)
  23 death oozes
  4 crystal guardians
  7 deep elf death magi
  Josephine (Orc:2)
  11 fire dragons
  8 yaktaur captains
  4 deep elf high priests
  Erolcha (D:9)
  7 rakshasas
  34 vault guards
  13 great orbs of eyes
  4 ghost crabs
  A catoblepas (Lair:5)
  21 hydras
  6 ice dragons
  15 naga warriors
  A merfolk avatar (Lair:6)
  2 death knights
  17 ogre magi
  8 centaur warriors
  23 dancing weapons
  A monstrous demonspawn (Depths:3)
  An anaconda (shapeshifter) (Vaults:1)
  15 alligators
  8 anacondas
  3 hell hogs (Abyss:4)
  63 two-headed ogres
  5 death yaks (Lair:6)
  9 deep troll earth magi
  3 vampire magi
  A two-headed ogre (shapeshifter) (Vaults:5)
  6 tengu warriors
  2 deep troll shamans
  4 orc high priests
  5 hell knights
  2 sun demons (Depths:1)
  11 naga sharpshooters
  27 deep elf knights
  8 shock serpents
  4 spriggan berserkers
  An iron troll (Depths:4)
  A salamander mystic (Snake:3)
  A sixfirhy (Depths:2)
  2 skeletal warriors (D:14)
  A fire crab (shapeshifter) (Vaults:4)
  A spatial maelstrom (Abyss:4)
  A storm dragon skeleton (Depths:4)
  4 unseen horrors
  A sea snake (shapeshifter) (Depths:3)
  3 shadow wraiths
  2 sea snakes
  24 deep trolls
  8 wizards
  2 spriggan druids
  7 glowing orange brains
  4 flayed ghosts
  7 shambling mangroves
  A naga ritualist (Snake:1)
  10 swamp dragons
  25 deep elf archers
  6 necromancers
  13 harpies
  25 ugly things
  4 phantasmal warriors
  8 ironbrand convokers
  14 orc knights
  66 deep elf magi
  6 mana vipers
  14 orc sorcerers
  7 wolf spiders
  A frost giant zombie (Vaults:5)
  8 cyclopes
  3 large abominations
  4 shining eyes
  2 manticores (Lair:6)
  A faun (shapeshifter) (Depths:3)
  13 elephants
  7 salamanders
  An elephant (shapeshifter) (D:13)
  An ice statue (D:13)
  13 vault sentinels
  A rust devil (Depths:3)
  33 black mambas
  3 guardian serpents
  16 naga magi
  4 eyes of devastation
  19 spiny frogs
  2 orange demons (Depths:3)
  2 minotaur zombies (Lab)
  5 gargoyles
  5 spectral swamp worms (Depths:4)
  4 centaur skeletons
  A torpor snail (Lair:2)
  3 rime drakes
  8 komodo dragons
  A spiny frog (shapeshifter) (D:15)
  7 ice devils (D:13)
  4 freezing wraiths
  2 kobold demonologists
  40 yaktaurs
  The ghost of Azzok the Digger, a novice DEEE (D:6)
  An ancient zyme (Abyss:4)
  5 tengu conjurers
  A harpy zombie (D:11)
  2 jumping spiders (shapeshifter)
  4 tyrant leeches
  A hornet (shapeshifter) (Vaults:4)
  3 trolls (shapeshifter)
  3 polar bears
  13 raiju
  8 trolls
  A shadow dragon simulacrum (Vaults:5)
  24 blink frogs
  32 hornets
  10 dream sheep
  4 hippogriffs
  6 bog bodies
  96 slime creatures
  A fire giant simulacrum (Vaults:5)
  A meliai zombie (D:15)
  The ghost of CasualChangeling the Covered, an amateur TeFi (D:4)
  A centaur simulacrum (D:15)
  5 air elementals
  7 spriggans
  5 shadows
  9 wyverns
  Sigmund (D:4)
  2 ynoxinuls (Abyss:4)
  An elf zombie (Depths:4)
  2 hogs (Lair:5)
  A basilisk (Lair:4)
  4 fire elementals
  3 water elementals
  6 wraiths
  2 humans
  A chaos spawn (Abyss:4)
  36 yaks
  4 hungry ghosts
  A human (shapeshifter) (Depths:1)
  A yaktaur simulacrum (Vaults:3)
  A human simulacrum (Vaults:2)
  3 neqoxecs (Abyss:4)
  Menkaure (D:4)
  29 vampire mosquitoes
  15 insubstantial wisps
  9 swamp worms
  6 wargs
  58 nagas
  3 spatial vortices (Abyss:4)
  14 water moccasins
  2 acid dragons
  A floating eye (Depths:5)
  51 orc warriors
  2 human skeletons
  7 porcupines
  3 black bears
  An ettin simulacrum (Vaults:2)
  12 swamp drakes
  4 ice beasts
  A sky beast (D:14)
  4 eyes of draining
  3 necrophages
  An eye of draining (shapeshifter) (Vaults:2)
  40 ogres
  2 phantoms (D:4)
  5 wolves (Lair:6)
  13 boggarts
  13 centaurs
  13 crocodiles
  5 big kobolds
  4 small abominations
  21 bullfrogs
  Blork the orc (D:4)
  A gnoll sergeant (D:7)
  7 earth elementals
  A merfolk simulacrum (Abyss:4)
  A scorpion (D:12)
  18 killer bees
  3 wights (D:13)
  4 lava snakes (Lab)
  6 crimson imps
  2 howler monkeys
  2 bullfrog zombies
  4 centaur zombies
  6 hounds
  14 jellies
  2 quasits
  12 orc priests
  2 bullfrog skeletons
  3 gnoll shamans
  3 iguanas
  Terence (D:2)
  25 orc wizards
  7 hell rats (Lair:2)
  16 worker ants
  A hound zombie (D:5)
  A hound skeleton (D:8)
  A howler monkey zombie (D:7)
  Robin (D:2)
  A worker ant zombie (D:11)
  17 gnolls
  13 adders
  7 shadow imps
  4 ufetubi (D:13)
  4 oozes
  4 adder skeletons
  2 worms (D:2)
  A leopard gecko (D:4)
  104 orcs
  A ball python (D:4)
  3 giant cockroaches
  14 goblins
  17 hobgoblins
  22 jackals
  31 kobolds
  3 quokkas
  6 bats
  2 frilled lizards (D:2)
  A leopard gecko zombie (D:5)
  A quokka zombie (D:6)
  13 rats
  2 crawling corpses (Depths:3)
  4 starspawn tentacles (Abyss:4)
2215 creatures vanquished.

Vanquished Creatures (collateral kills)
  3 acid blobs (Slime:5)
  An azure jelly (Slime:4)
  A death ooze (Slime:4)
  A slime creature (Slime:4)
6 creatures vanquished.

Vanquished Creatures (others)
  2 deep elf master archers
  A shadow dragon (Depths:4)
  A draconian stormcaller (Depths:5)
  A war gargoyle (Vaults:5)
  2 yaktaur captains
  A fire dragon (Depths:3)
  A centaur warrior (Depths:2)
  A dancing weapon (Elf:2)
  A deep elf archer (Elf:3)
  A cyclops (Vaults:2)
  A spiny frog (Lair:6)
  6 yaktaurs
  3 tyrant leeches
  A hornet (Swamp:3)
  2 blink frogs (Swamp:3)
  2 bog bodies (Swamp:1)
  A spriggan (shapeshifter) (D:15)
  3 humans (Lair:6)
  A vampire mosquito (Swamp:3)
  An orc warrior (D:15)
  A swamp drake (Swamp:4)
  5 centaurs
  2 boggarts
  An ogre (Vaults:5)
  A bullfrog (D:15)
  An orc wizard (Orc:2)
  An ufetubus (D:13)
  2 orcs (Orc:2)
  12 fungi
  19 plants
  3 starspawn tentacles (Abyss:4)
81 creatures vanquished.

Grand Total: 2302 creatures vanquished

Notes
Turn   | Place    | Note
-------+----------+-------------------------------------------
     0 | D:1      | vishdafish the Gargoyle Fighter began the quest for the Orb.
     0 | D:1      | Reached XP level 1. HP: 14/14 MP: 1/1
   272 | D:1      | Reached skill level 2 in Long Blades
   350 | D:1      | Reached XP level 2. HP: 19/19 MP: 2/2
   862 | D:2      | Noticed Robin
   863 | D:2      | Reached XP level 3. HP: 23/23 MP: 3/3
   880 | D:2      | Killed Robin
  1028 | D:2      | Noticed Terence
  1053 | D:2      | Killed Terence
  1053 | D:2      | Reached XP level 4. HP: 20/29 MP: 4/4
  1119 | D:2      | Reached skill level 1 in Dodging
  1777 | D:3      | Reached XP level 5. HP: 33/33 MP: 5/5
  1785 | D:3      | Reached skill level 3 in Long Blades
  1812 | D:3      | Found a white marble altar of Elyvilon.
  2200 | D:4      | Noticed a phantom
  2233 | D:4      | Killed a phantom
  2233 | D:4      | Reached XP level 6. HP: 36/39 MP: 6/6
  2259 | D:4      | Noticed a phantom
  2274 | D:4      | Killed a phantom
  2299 | D:4      | Noticed CasualChangeling's ghost (amateur TeFi)
  2300 | D:4      | Found a hazy altar of Hepliaklqana.
  2344 | D:4      | Killed CasualChangeling's ghost
  2344 | D:4      | Reached skill level 4 in Long Blades
  2344 | D:4      | Reached XP level 7. HP: 12/44 MP: 7/7
  2502 | D:4      | Noticed Menkaure
  2512 | D:4      | Killed Menkaure
  2512 | D:4      | Reached skill level 5 in Fighting
  3045 | D:4      | Noticed Blork the orc
  3060 | D:4      | Reached skill level 5 in Armour
  3083 | D:4      | Killed Blork the orc
  3083 | D:4      | Reached skill level 5 in Shields
  3292 | D:4      | Noticed Sigmund
  3335 | D:4      | Killed Sigmund
  3335 | D:4      | Reached skill level 5 in Long Blades
  3335 | D:4      | Reached XP level 8. HP: 42/49 MP: 8/8
  3867 | D:5      | Entered Level 5 of the Dungeon
  4334 | D:5      | Found a shattered altar of Ashenzari.
  4389 | D:5      | Found Egic's Assorted Antiques.
  4393 | D:5      | Bought a scroll labeled PONTOJ MAROO for 26 gold pieces
  4393 | D:5      | Bought a scroll labeled LOIRAM RESO for 26 gold pieces
  4393 | D:5      | Bought a scroll labeled IVUANL IMYT for 26 gold pieces
  4393 | D:5      | Bought a scroll labeled UWENUCAR URAIL for 26 gold pieces
  4393 | D:5      | Bought a scroll labeled GORAADOROLA for 26 gold pieces
  5419 | D:6      | Reached skill level 6 in Long Blades
  5446 | D:6      | Noticed Azzok's ghost (novice DEEE)
  5447 | D:6      | Reached XP level 9. HP: 55/55 MP: 9/9
  5463 | D:6      | Killed Azzok's ghost
  5477 | D:6      | Found a sparkling altar of Nemelex Xobeh.
  5595 | D:6      | Got a wavering tin ring
  5596 | D:6      | Identified the ring of the Republic {*Tele rN+ Stlth+} (You found it on level 6 of the Dungeon)
  6145 | D:7      | Found a hide-covered altar of Uskayaw.
  6145 | D:7      | Found a bloodstained altar of Trog.
  6153 | D:7      | Reached skill level 7 in Long Blades
  6196 | D:7      | Found a burning altar of Makhleb.
  6196 | D:7      | Found a blossoming altar of Fedhas.
  6222 | D:7      | Found a snail-covered altar of Cheibriados.
  6263 | D:7      | Found a staircase to the Ecumenical Temple.
  6300 | Temple   | Entered the Ecumenical Temple
  6835 | D:8      | Noticed a two-headed ogre
  6956 | D:7      | Reached XP level 10. HP: 26/63 MP: 10/10
  7095 | D:7      | Found a sparkling altar of Nemelex Xobeh.
  7261 | D:7      | Found an iron altar of Okawaru.
  7261 | D:7      | Found a deep blue altar of Sif Muna.
  7262 | D:7      | Found a shimmering altar of Xom.
  7304 | D:7      | Became a worshipper of Warmaster Okawaru
  7667 | D:7      | Reached skill level 8 in Long Blades
  8298 | D:8      | Got a pair of shimmering boots
  8304 | D:8      | Identified the +3 pair of boots "Hottio Utai" {rF+ MR+} (You found it on level 8 of the Dungeon)
  8316 | D:8      | Gained mutation: You are partially covered in thin metallic scales. (AC +2) [potion of mutation]
  8316 | D:8      | Gained mutation: You are robust. (+10% HP) [potion of mutation]
  8316 | D:8      | Gained mutation: Your natural rate of healing is unusually fast. [potion of mutation]
  8447 | D:8      | Killed a two-headed ogre
  8447 | D:8      | Reached * piety under Okawaru
  8553 | D:8      | Found an ornate altar of the Wu Jian Council.
  8720 | D:8      | Reached skill level 1 in Invocations
  8923 | D:9      | Reached ** piety under Okawaru
  9061 | D:9      | Reached skill level 9 in Long Blades
  9131 | D:9      | Noticed Erolcha
  9151 | D:9      | Killed Erolcha
  9151 | D:9      | Reached *** piety under Okawaru
  9151 | D:9      | Reached XP level 11. HP: 41/75 MP: 13/13
  9389 | D:9      | Learned a level 5 spell: Lee's Rapid Deconstruction
  9513 | D:10     | Entered Level 10 of the Dungeon
  9586 | D:9      | Got an encrusted falchion
  9591 | D:9      | Identified the +8 falchion of the Absolute Madman {flame, MR+} (You found it on level 9 of the Dungeon)
  9610 | D:9      | Found a staircase to the Orcish Mines.
  9898 | D:10     | Noticed an unseen horror
  9910 | D:10     | Killed an unseen horror
  9910 | D:10     | Reached skill level 5 in Invocations
  9916 | D:10     | Reached **** piety under Okawaru
 10065 | D:10     | Found a staircase to the Lair.
 10194 | D:10     | Found Riyky's Antique Armour Shop.
 10394 | Lair:1   | Entered Level 1 of the Lair of Beasts
 10399 | Lair:1   | Reached skill level 10 in Long Blades
 10720 | Lair:3   | Reached ***** piety under Okawaru
 10909 | Lair:2   | Reached XP level 12. HP: 60/83 MP: 15/15
 11548 | Lair:2   | Reached skill level 11 in Long Blades
 11617 | Lair:2   | Reached skill level 10 in Fighting
 11632 | Lair:2   | Received a gift from Okawaru
 11635 | Lair:2   | Reached skill level 10 in Armour
 11637 | Lair:2   | Reached skill level 1 in Earth Magic
 11640 | Lair:2   | Reached skill level 1 in Spellcasting
 11827 | Lair:2   | Noticed a seven-headed hydra
 11838 | Lair:2   | Killed a one-headed hydra
 12219 | Lair:2   | Found a staircase to the Snake Pit.
 12890 | Lair:3   | Noticed a six-headed hydra
 12898 | Lair:3   | Killed a one-headed hydra
 13467 | Lair:3   | Got a pair of smoking boots
 13478 | Lair:3   | Identified the cursed +0 pair of boots of Imi Typs {MR+} (You found it on level 3 of the Lair of Beasts)
 13904 | Lair:4   | Found a staircase to the Swamp.
 13938 | Lair:4   | Reached skill level 5 in Earth Magic
 14080 | Lair:4   | Reached XP level 13. HP: 66/90 MP: 18/18
 14657 | Lair:5   | Found a runed door.
 14657 | Lair:5   | Found a viscous altar of Jiyva.
 14657 | Lair:5   | Found a staircase to the Slime Pits.
 14768 | Lair:5   | Reached ****** piety under Okawaru
 14778 | Lair:5   | Received a gift from Okawaru
 14915 | Lair:5   | Learned a level 5 spell: Aura of Abjuration
 15055 | Lair:6   | Entered Level 6 of the Lair of Beasts
 15067 | Lair:6   | Noticed Tovarisch's ghost (journeyman GnTm)
 15204 | Lair:6   | Killed Tovarisch's ghost
 15204 | Lair:6   | Reached skill level 12 in Long Blades
 15240 | Lair:6   | Reached skill level 5 in Spellcasting
 15246 | Lair:6   | Noticed Kirke
 15467 | Lair:5   | Killed Kirke
 15467 | Lair:5   | Received a gift from Okawaru
 15478 | Lair:5   | Got a colourful robe {god gift}
 15479 | Lair:5   | Identified the +4 robe of the Thirteen Gods {Str+5} (Okawaru gifted it to you on level 5 of the Lair of Beasts)
 15518 | Lair:6   | Noticed Nessos
 15766 | Lair:6   | Killed Nessos
 15974 | Lair:6   | Noticed Snorg
 16010 | Lair:6   | Killed Snorg
 16010 | Lair:6   | Gained mutation: Your large and strong wings let you fly indefinitely. [Gargoyle growth]
 16010 | Lair:6   | Reached XP level 14. HP: 45/96 MP: 23/23
 16287 | Lair:6   | Reached skill level 10 in Shields
 16414 | Lair:6   | Received a gift from Okawaru
 16692 | Lair:6   | Identified the cursed +0 falchion "Kelyw" {venom, Str+5} (You found it on level 6 of the Lair of Beasts)
 16949 | Lair:6   | Reached skill level 13 in Long Blades
 17526 | Orc:1    | Entered Level 1 of the Orcish Mines
 17605 | Orc:1    | Reached skill level 10 in Earth Magic
 18070 | Orc:2    | Entered Level 2 of the Orcish Mines
 18070 | Orc:2    | Found a staircase to the Elven Halls.
 18070 | Orc:2    | Found Warchaduips's Jewellery Emporium.
 18319 | Orc:2    | Gained mutation: You tend to lose your temper in combat. [a neqoxec]
 18366 | Orc:2    | Noticed an orc warlord
 18492 | Orc:2    | Killed an orc warlord
 18492 | Orc:2    | Received a gift from Okawaru
 18496 | Orc:2    | Got an encrusted plate armour {god gift}
 18517 | Orc:1    | Identified the +5 plate armour of Pan-Flutes {Regen+ rCorr Str+3} (Okawaru gifted it to you on level 2 of the Orcish Mines)
 18521 | Orc:2    | Noticed an orc warlord
 18563 | Orc:1    | Reached XP level 15. HP: 101/101 MP: 27/27
 18597 | Orc:1    | Killed an orc warlord
 18715 | Orc:2    | Found Mur Vusch's Antique Armour Shop.
 18884 | Orc:2    | Bought a faintly glowing ring mail for 288 gold pieces
 18896 | Orc:2    | Identified the +1 ring mail of Qazlal's Whim {rPois MR+} (You bought it in a shop on level 2 of the Orcish Mines)
 19336 | Orc:2    | Found Muhusiot's General Store.
 19344 | Orc:2    | Bought a scroll of teleportation for 33 gold pieces
 19344 | Orc:2    | Bought a wand of clouds (3) for 231 gold pieces
 19344 | Orc:2    | Bought a scroll of identify for 22 gold pieces
 19344 | Orc:2    | Bought a scroll of identify for 22 gold pieces
 19389 | Orc:2    | Found Golu's Antique Weapon Emporium.
 19395 | Orc:2    | Noticed Josephine
 19417 | Orc:2    | Killed Josephine
 19914 | D:11     | Found a labyrinth entrance.
 19927 | Lab      | Entered a labyrinth
 19977 | Lab      | Found an exit through the horrors of the Abyss.
 20139 | Lab      | Got a heavily runed plate armour
 20150 | Lab      | Identified the +1 plate armour "Neupn" {Dex+6} (You found it in a labyrinth)
 20311 | D:11     | Found Bocoanti's Jewellery Emporium.
 20345 | D:11     | Found Jasos's Gadget Shoppe.
 21433 | D:12     | Received a gift from Okawaru
 22205 | D:13     | Reached skill level 14 in Long Blades
 22737 | D:13     | Received a gift from Okawaru
 22737 | D:13     | Reached skill level 1 in Summonings
 23131 | D:14     | Identified A Primer on the Arcane Arts
 23322 | D:14     | Reached XP level 16. HP: 106/106 MP: 29/29
 24091 | D:14     | Found a gate to the Vaults.
 24419 | D:14     | Found a glowing silver altar of Zin.
 24433 | D:15     | Entered Level 15 of the Dungeon
 24742 | D:15     | Reached skill level 5 in Summonings
 24783 | D:15     | Received a gift from Okawaru
 24821 | D:15     | Found a staircase to the Depths.
 25590 | Swamp:1  | Entered Level 1 of the Swamp
 25690 | Swamp:1  | Found a transporter.
 25813 | Swamp:1  | Noticed a thorn hunter
 25826 | Swamp:1  | Killed a thorn hunter
 25950 | Swamp:1  | Received a gift from Okawaru
 26063 | Swamp:1  | Found a transporter.
 26144 | Swamp:1  | Got a coiled pewter ring
 26146 | Swamp:1  | Identified the ring of Meddanyb {*Drain rF+ rC+ Str+3} (You found it on level 1 of the Swamp)
 26158 | Swamp:1  | Identified the ring of Bodimali {rC+ MR+ Dex+6} (You found it on level 1 of the Swamp)
 26693 | Swamp:2  | Reached skill level 10 in Invocations
 26762 | Swamp:2  | Reached XP level 17. HP: 110/112 MP: 30/30
 27225 | Swamp:3  | Received a gift from Okawaru
 27867 | Swamp:3  | Got a slimy shield
 28179 | Swamp:3  | Identified the -3 shield of the Greedy {rN+} (You found it on level 3 of the Swamp)
 28288 | Swamp:4  | Entered Level 4 of the Swamp
 28575 | Swamp:4  | Reached skill level 10 in Summonings
 28578 | Swamp:4  | Received a gift from Okawaru
 28608 | Swamp:4  | Noticed a tentacled monstrosity
 28625 | Swamp:4  | Killed a tentacled monstrosity
 28666 | Swamp:4  | Noticed a tentacled monstrosity
 28690 | Swamp:4  | Killed a tentacled monstrosity
 28908 | Swamp:4  | Received a gift from Okawaru
 28946 | Swamp:4  | Got an ichor-stained hat {god gift}
 28958 | Swamp:4  | Identified the +1 hat of Cuydud {rElec} (Okawaru gifted it to you on level 4 of the Swamp)
 28996 | Swamp:4  | Reached skill level 15 in Shields
 29061 | Swamp:4  | Got a decaying rune of Zot
 29248 | Swamp:4  | Reached XP level 18. HP: 117/117 MP: 31/31
 29762 | Snake:1  | Entered Level 1 of the Snake Pit
 31159 | Snake:2  | Received a gift from Okawaru
 31212 | Snake:2  | Found Ojyi's Gadget Shop.
 31214 | Snake:2  | Found Ymioh's Jewellery Emporium.
 31215 | Snake:2  | Found Vegetoupn's Gadget Shop.
 32227 | Snake:3  | Found Meexzyrgh's Weapon Shop.
 32234 | Snake:3  | Bought the +10 zealot's sword {holy, *Rage rN+ EV+3} for 1897 gold pieces
 32234 | Snake:3  | Found the +10 zealot's sword {holy, *Rage rN+ EV+3}
 32411 | Snake:3  | Reached skill level 5 in Dodging
 32658 | Snake:4  | Entered Level 4 of the Snake Pit
 32993 | Snake:4  | Received a gift from Okawaru
 33057 | Snake:4  | Reached XP level 19. HP: 124/124 MP: 32/32
 33362 | Snake:4  | Reached skill level 15 in Armour
 33683 | Snake:4  | Got a serpentine rune of Zot
 34084 | Vaults:1 | Entered Level 1 of the Vaults
 34163 | Vaults:1 | Gained mutation: You are clumsy. (Dex -2) [a shining eye]
 34176 | Vaults:1 | Identified the Guide on Mutagenic Lightness
 34309 | Vaults:1 | Noticed a Hell Sentinel
 34310 | Vaults:1 | Received a gift from Okawaru
 35733 | Vaults:1 | Received a gift from Okawaru
 36093 | Vaults:2 | Reached XP level 20. HP: 132/132 MP: 33/33
 36156 | Vaults:2 | Noticed Frederick
 36175 | Vaults:2 | Killed Frederick
 37352 | Vaults:3 | Received a gift from Okawaru
 38029 | Vaults:3 | Reached skill level 10 in Dodging
 38211 | Vaults:3 | Found a staircase to the Crypt.
 38862 | Vaults:4 | Found Dazubuac's Armour Emporium.
 38904 | Vaults:4 | Paralysed by a great orb of eyes for 3 turns
 38952 | Vaults:4 | Received a gift from Okawaru
 38960 | Vaults:4 | Reached XP level 21. HP: 132/141 MP: 34/34
 39060 | Vaults:4 | Identified Jeneoschenomp's Disquisition on Snow and Envenoming
 39148 | Vaults:4 | Found Xicuoheo's Magic Scroll Emporium.
 39163 | Vaults:4 | Bought a scroll of identify for 34 gold pieces
 39163 | Vaults:4 | Bought a scroll of identify for 34 gold pieces
 39163 | Vaults:4 | Bought a scroll of immolation for 59 gold pieces
 39163 | Vaults:4 | Bought a scroll of identify for 34 gold pieces
 39163 | Vaults:4 | Bought a scroll of enchant armour for 127 gold pieces
 39163 | Vaults:4 | Found Fuzxiph's Magic Scroll Shop.
 39170 | Vaults:4 | Bought a scroll of teleportation for 51 gold pieces
 39170 | Vaults:4 | Bought a scroll of magic mapping for 59 gold pieces
 39170 | Vaults:4 | Bought a scroll of immolation for 59 gold pieces
 39170 | Vaults:4 | Bought a scroll of enchant armour for 127 gold pieces
 39170 | Vaults:4 | Bought a scroll of identify for 34 gold pieces
 39350 | Vaults:4 | Found Lunedikec's General Store.
 39371 | Vaults:4 | Bought a scroll of teleportation for 69 gold pieces
 39371 | Vaults:4 | Bought a scroll of holy word for 172 gold pieces
 40043 | Depths:1 | Entered Level 1 of the Depths
 40058 | Depths:1 | Received a gift from Okawaru
 40357 | Depths:1 | Found Suimale's Demolitions Depot.
 40443 | Depths:1 | Found a gateway to a ziggurat.
 40573 | Depths:1 | Found a gateway to Hell.
 40997 | Depths:1 | Found a portal to a secret trove of treasure.
 41239 | Depths:2 | Received a gift from Okawaru
 41445 | Depths:2 | Reached skill level 15 in Long Blades
 41597 | Depths:2 | Noticed galech's ghost (adept TrMo)
 41627 | Depths:2 | Killed galech's ghost
 41627 | Depths:2 | Reached XP level 22. HP: 152/152 MP: 35/35
 41662 | Depths:2 | Found the +4 arc blade {discharge, rElec}
 41778 | Depths:2 | Reached skill level 15 in Fighting
 42413 | Depths:3 | Found a one-way gate leading to the halls of Pandemonium.
 42535 | Depths:3 | Reached skill level 16 in Long Blades
 42598 | Depths:3 | Noticed Mennas
 42672 | Depths:3 | Killed Mennas
 42672 | Depths:3 | Received a gift from Okawaru
 42673 | Depths:3 | Found the +7 Kryia's mail coat {PotionHeal*2 rC+}
 43152 | Depths:3 | Identified the Disquisition on Self-Knowledge and the Escort
 43310 | Depths:3 | Reached skill level 17 in Long Blades
 43624 | Depths:3 | Reached XP level 23. HP: 130/162 MP: 36/36
 43715 | Depths:4 | Received a gift from Okawaru
 43939 | Depths:4 | Noticed a juggernaut
 43959 | Depths:4 | Killed a juggernaut
 44018 | Depths:4 | Found Kiguruydgh's General Store.
 44491 | Depths:4 | Reached skill level 18 in Long Blades
 44610 | Depths:4 | Cast into level 4 of the Abyss (a lich)
 44668 | Abyss:4  | Lost mutation: You are robust. (+10% HP) [a neqoxec]
 44924 | Depths:4 | Escaped the Abyss
 44947 | Depths:4 | Received a gift from Okawaru
 45069 | Depths:4 | Lost mutation: You are clumsy. (Dex -2) [potion of mutation]
 45069 | Depths:4 | Lost mutation: You are partially covered in thin metallic scales. (AC +2) [potion of mutation]
 45069 | Depths:4 | Lost mutation: You tend to lose your temper in combat. [potion of mutation]
 45069 | Depths:4 | Gained mutation: You have sharp fingernails. [potion of mutation]
 45069 | Depths:4 | Gained mutation: You tend to lose your temper in combat. [potion of mutation]
 45069 | Depths:4 | Gained mutation: Your spells are a little easier to cast, but a little less powerful. [potion of mutation]
 45069 | Depths:4 | Gained mutation: You have a pair of small horns on your head. [potion of mutation]
 45070 | Depths:4 | Lost mutation: Your spells are a little easier to cast, but a little less powerful. [potion of mutation]
 45070 | Depths:4 | Lost mutation: You have a pair of small horns on your head. [potion of mutation]
 45070 | Depths:4 | Lost mutation: You tend to lose your temper in combat. [potion of mutation]
 45070 | Depths:4 | Gained mutation: You tend to lose your temper in combat. [potion of mutation]
 45070 | Depths:4 | Gained mutation: You have sharp toenails. [potion of mutation]
 45230 | Depths:4 | Found a one-way gate to the infinite horrors of the Abyss.
 45582 | Depths:5 | Entered Level 5 of the Depths
 45734 | Depths:5 | Found a gate to the Realm of Zot.
 45894 | Depths:5 | Reached skill level 19 in Long Blades
 45986 | Depths:5 | Reached XP level 24. HP: 157/157 MP: 36/36
 47302 | Elf:1    | Entered Level 1 of the Elven Halls
 47414 | Elf:1    | Received a gift from Okawaru
 47543 | Elf:1    | Found a deep blue altar of Sif Muna.
 47548 | Elf:1    | Identified the +3 scale mail "Aguryet" {rPois rF+++ Str-4 Int-5} (You found it on level 1 of the Elven Halls)
 48794 | Elf:2    | Reached skill level 20 in Long Blades
 48815 | Elf:2    | Found a runed gate.
 48815 | Elf:2    | Found a runed gate.
 48834 | Elf:2    | Found a runed gate.
 49159 | Elf:2    | Reached skill level 10 in Spellcasting
 49561 | Elf:3    | Entered Level 3 of the Elven Halls
 49646 | Elf:3    | Received a gift from Okawaru
 49942 | Elf:3    | Reached XP level 25. HP: 164/164 MP: 36/38
 50114 | Elf:3    | Identified the +1 leather armour of Agoraphobia {rC+ Dex+3 Stlth+} (You took it off a deep elf sorcerer on level 3 of the Elven Halls)
 50127 | Elf:3    | Identified the Grimoire of Shape Shifting and Summoning
 50165 | Elf:3    | Identified the ring of the King {Ice Dex+4} (You took it off a deep elf archer on level 3 of the Elven Halls)
 50175 | Elf:3    | Identified the +6 scale mail of Dim Light {Dex+5 Stlth+} (You took it off a deep elf high priest on level 3 of the Elven Halls)
 50269 | Elf:3    | Identified the ring of Happiness {rCorr +Inv rPois Int+4} (You found it on level 3 of the Elven Halls)
 50292 | Elf:3    | Identified the amulet of the Distant Future {RegenMP rPois rF- Str+4 Dex+5} (You found it on level 3 of the Elven Halls)
 50414 | Elf:3    | Identified the Almanac of the Echidna
 50441 | Elf:3    | Noticed Saint Roka
 50464 | Elf:3    | Killed Saint Roka
 51173 | Depths:1 | You paid a toll of 12 scrolls of teleportation to enter a treasure trove
 51174 | Trove    | Entered a treasure trove
 51231 | Trove    | Identified Sif Muna's Volume of Displaced Calling
 51251 | Trove    | Identified Zatapn's Incunabulum of Translocation
 51256 | Trove    | Identified Sif Muna's Guide on Icy Good Luck
 51598 | Slime:1  | Entered Level 1 of the Pits of Slime
 51644 | Slime:1  | Received a gift from Okawaru
 52497 | Slime:4  | Gained mutation: You are dopey. (Int -2) [a shining eye]
 52702 | Slime:5  | Entered Level 5 of the Pits of Slime
 52771 | Slime:5  | Learned a level 6 spell: Shadow Creatures
 52821 | Slime:5  | Paralysed by a great orb of eyes for 3 turns
 52827 | Slime:5  | Noticed the Royal Jelly
 52849 | Slime:4  | Received a gift from Okawaru
 52961 | Slime:5  | Gained mutation: You are very dopey. (Int -4) [a shining eye]
 52966 | Slime:4  | Gained mutation: You occasionally shout uncontrollably at your foes. [a shining eye]
 53473 | Slime:5  | Gained mutation: Your magical capacity is low. (-10% MP) [a shining eye]
 53551 | Slime:5  | Found a viscous altar of Jiyva.
 53552 | Slime:5  | Found the ring of the Octopus King
 53555 | Slime:5  | Found the amulet of the Four Winds {rN+ MR+++ Clar}
 53847 | Slime:5  | Killed the Royal Jelly
 54407 | Slime:5  | Got a ring of the Octopus King
 54409 | Slime:5  | Identified a ring of the Octopus King {rCorr AC+1 EV+1 Str+1 Int+1 Dex+1} (You found it on level 5 of the Pits of Slime)
 54429 | Slime:5  | Identified the +6 hand crossbow "Waesh" {freeze, rN+ Int+2 Stlth+} (You found it on level 5 of the Pits of Slime)
 54458 | Slime:5  | Got a slimy rune of Zot
 54460 | Slime:5  | Identified the +5 chain mail of Hoffum {MR+} (You found it on level 5 of the Pits of Slime)
 54520 | Slime:5  | Got a fine platinum ring
 54521 | Slime:5  | Identified the ring "Ziyllaro" {+Blink Str+2 Int+3 Slay+5 Stlth+} (You found it on level 5 of the Pits of Slime)
 54546 | Slime:5  | Got a warped jade ring
 54547 | Slime:5  | Identified the ring "Vuf Famn" {rPois rC+ Dex+3} (You found it on level 5 of the Pits of Slime)
 54555 | Slime:5  | Identified the +3 plate armour of Lugonu's Supremacy {MP+9 Dex+2} (You found it on level 5 of the Pits of Slime)
 54859 | Temple   | Fell from the grace of Okawaru
 54859 | Temple   | Became a worshipper of Kikubaaqudgha
 55152 | Vaults:5 | Entered Level 5 of the Vaults
 55161 | Vaults:5 | Reached skill level 15 in Summonings
 55162 | Vaults:5 | Reached * piety under Kikubaaqudgha
 55162 | Vaults:5 | Identified Kikubaaqudgha's Reference Book on Stolen Souls (Kikubaaqudgha gifted it to you on level 5 of the Vaults)
 55162 | Vaults:5 | Received a gift from Kikubaaqudgha
 55403 | Vaults:5 | Reached XP level 26. HP: 135/170 MP: 36/36
 55428 | Vaults:5 | Reached ** piety under Kikubaaqudgha
 55522 | Vaults:5 | Reached *** piety under Kikubaaqudgha
 55522 | Vaults:5 | Identified Kikubaaqudgha's Papyrus of Darkness (Kikubaaqudgha gifted it to you on level 5 of the Vaults)
 55522 | Vaults:5 | Received a gift from Kikubaaqudgha
 55532 | Vaults:5 | HP: 5/170 [deep elf high priest/damnation (20)]
 55640 | Vaults:5 | Demolished by a titan

Vault maps used:
D:1:      dpeg_arrival_simpleton_b
D:2:      uniq_terence, uniq_robin
D:3:      overflow_temple_1_default
D:4:      lemuel_crystal_altar, first_ration, grunt_ministairs_12,
          small_statue_intersection, uniq_menkaure, uniq_sigmund,
          uniq_blork_the_orc
D:5:      kennysheep_mini, serial_shops, nicolae_shop_trees
D:6:      overflow_temple_1_default
D:7:      kennysheep_housing_project, gammafunk_temple_overflow_claw,
          grunt_temple_overflow_open, minmay_temple_entry_junction_2,
          basic_altar
D:8:      lemuel_crystal_altar
D:9:      orc_0_dummy, uniq_erolcha
D:10:     lair_entry_dummy, serial_shops, shop
D:11:     serial_shops, nicolae_shop_waterfront, nicolae_shop_crystal,
          lab_entry_generic
D:12:     hangedman_pestilent_swarm
D:13:     cheibrodos_frozen_isle
D:14:     grunt_vaults_entry_fortified, zin_angel
D:15:     grunt_enter_depths_magical_seal, hangedman_decor_opposing,
          hangedman_weighted_door, minmay_misc_feat_ornament
Temple:   nicolae_temple_figure_zero
Lair:2:   dummy_snake_entry, beast_lair_carwin_5, serial_bayou_shore_b,
          grunt_megastairs_3
Lair:3:   cheibrodos_lair_river_kwai
Lair:4:   minmay_swamp_entry_swarm
Lair:5:   slime_altar_2, serial_forest, infiniplex_forest_clump_curved,
          infiniplex_forest_straight_2, infiniplex_forest_clump_diagonal,
          infiniplex_forest_clump_C, minivault_25
Lair:6:   gammafunk_lair_ancient_temple, grunt_megastairs_4, uniq_snorg,
          uniq_kirke, uniq_nessos
Swamp:1:  gammafunk_its_a_trap, evilmike_swamp_ruin_house_1, swamp_pool3,
          infiniplex_staircase_pool
Swamp:2:  evilmike_swamp_ruin_house_5
Swamp:3:  evilmike_swamp_ruin_house_3
Swamp:4:  swamp, swamp_pool1, hangedman_swamp_blocks
Snake:2:  nicolae_coiled_stairwell_down, minmay_shop_grove
Snake:3:  serial_shops, shop
Snake:4:  minmay_snake_end_coiled, lemuel_fruit_tree
Orc:2:    grunt_orc_gardens, grunt_orc_garden, grunt_orc_garden,
          grunt_orc_garden, grunt_orc_garden, uniq_josephine
Elf:1:    elf_arrival_001, basic_altar, minivault_28
Elf:2:    grunt_ministairs_13, minivault_11, kilobyte_mutagenic_chamber
Elf:3:    grunt_elf_hall_branching, basic_stair_grate_trap, uniq_saint_roka
Vaults:1: v_alt_pattern_4, nicolae_vaults_little_squares_1, v_rooms_3,
          vaults_room_ringed_pool, vaults_room_pool, v_rooms_6, v_misc_28,
          nicolae_vaults_little_ls, vaults_standard_mumra_x,
          vaults_dpeg_encased_lava, nicolae_vaults_diagonal_hallway_6,
          vaults_room_semicircle, vaults_room_hangedman_quadrants,
          ontoclasm_vaults_ligature
Vaults:2: nicolae_vaults_rhombus_6, hangedman_vaults_stagger,
          hangedman_vaults_nodes, vaults_room_grid, v_misc_33, v_misc_27,
          serial_ice_g, uniq_frederick
Vaults:3: vaults_standard_mumra_lines, v_rooms_1, v_rooms_4,
          ontoclasm_vaults_twist, minmay_crypt_entry_simple_corners, v_misc_3,
          vaults_room_pools, hangedman_vaults_nails, v_misc_4,
          ontoclasm_vaults_loading_screen, vaults_mumra_lcd, vaults_room_pool,
          nicolae_vaults_little_squares_6, vaults_dpeg_diagonal,
          nicolae_vaults_shelves_hall
Vaults:4: hangedman_vaults_capsules, v_pattern_5, vaults_room_corners,
          grunt_vaults_diagonal, nicolae_vaults_little_squares_1,
          vaults_room_fancy_cross, vaults_mumra_hex,
          nicolae_vaults_three_branches, vaults_room_door_ring,
          vaults_room_grunt_arrival_checkpoint, nicolae_vaults_shelves_hall,
          serial_shops, shop_fountains, nicolae_shop_waterfront, shop_statue,
          nicolae_shop_behind_doors
Depths:1: enter_ziggurat_c, special_room, nicolae_trove_entry_columns,
          lightli_too_deep, serial_sigils_hangedman_snap, nicolae_blasting_shop
Depths:2: minmay_shoctagon, serial_sigils_hangedman_carve, hell_entry
Depths:3: hangedman_arch_fort, hell_entry, rand_demon_pan_entry_4,
          columned_hall_lemuel, uniq_mennas
Depths:4: minmay_the_grid_3x3, abyss_entry, serial_shops, shop_statue,
          pf_hell_entry_tar_river, minmay_misc_feat_secret_circle,
          lemuel_flamethrower_3
Depths:5: evilmike_zot_entry_round, abyss_entry_glasseish, hell_entry,
          basic_stair_grate_trap
Abyss:4:  minivault_22, minivault_25, gammafunk_abyss_rune_reverse_zot
Lab:      labyrinth_hidden_loot, nicolae_lab_x, labyrinth_glass_1,
          labyrinth_fake_exit, nicolae_lab_plus, nicolae_lab_grate_2,
          nicolae_lab_very_dead_end, lab_statue, nicolae_lab_dead_end,
          labyrinth_lava_lair, nicolae_lab_stuck, nicolae_lab_blocks,
          nicolae_lab_do_over, nicolae_lab_hexagon, labyrinth_skeletal_remains
Trove:    trove_books_scrolls

Skill      XL: |  1  2  3  4  5  6  7  8  9 10 11 12 13 14 15 16 17 18 19 20 21 22 23 24 25 26 |
---------------+-------------------------------------------------------------------------------+-----
Long Blades    | 2 3 4 5 6 7 9 10 11 12 13 14 15 17 19 20 | 20.0
Dodging        | 1 2 3 4 5 7 10 12 | 12.5
Fighting       | 4 5 6 7 8 9 10 11 13 14 16 17 18 | 18.6
Armour         | 4 5 7 8 9 10 11 12 18 | 18.0
Shields        | 4 5 6 8 9 11 12 13 15 16 | 16.0
Invocations    | 3 5 6 10 | 10.0
Earth Magic    | 5 8 10 11 13 14 | 14.1
Spellcasting   | 3 6 8 9 11 13 | 13.1
Summonings     | 2 7 11 13 15 17 | 17.2

Action                   |  1- 3 |  4- 6 |  7- 9 | 10-12 | 13-15 | 16-18 | 19-21 | 22-24 | 25-27 || total
-------------------------+-------+-------+-------+-------+-------+-------+-------+-------+-------++-------
Melee: Long sword        |   135 |   225 |   700 |   482 |       |       |       |       |       ||  1542
       Falchion          |       |       |       |   474 |  2128 |  2323 |       |       |       ||  4925
       Eudemon blade     |       |       |       |       |       |   193 |  1789 |  2033 |   907 ||  4922
Throw: Throwing net      |       |       |       |     1 |       |       |       |       |       ||     1
       Tomahawk          |       |       |       |       |     4 |       |       |       |       ||     4
 Cast: Aura of Abjuratio |       |       |       |       |       |       |       |    18 |     6 ||    24
       Shadow Creatures  |       |       |       |       |       |       |       |       |     5 ||     5
Invok: Finesse           |       |       |       |       |     2 |       |       |       |       ||     2
       Heroism           |       |       |       |       |     1 |       |       |       |       ||     1
 Abil: Stop Flying       |       |       |       |       |     2 |       |     1 |       |       ||     3
       Fly               |       |       |       |       |     1 |     1 |       |       |       ||     2
Evoke: Wand              |       |       |    18 |    13 |    37 |     6 |     2 |       |     2 ||    78
  Use: Potion            |       |     1 |     2 |     3 |     4 |     1 |     1 |     6 |    18 ||    36
       Scroll            |       |       |     8 |    14 |    10 |    17 |     4 |     5 |    25 ||    83
 Stab: Held in net/web   |       |       |       |     1 |       |       |       |       |       ||     1
       Petrified         |       |       |       |       |     5 |       |       |       |       ||     5
       Invisible         |       |       |       |       |     5 |       |       |       |     2 ||     7
       Confused          |       |       |       |       |       |     2 |       |       |       ||     2
       Distracted        |       |       |       |       |       |       |       |       |     1 ||     1
  Eat: Chunk             |       |     4 |    13 |    22 |    13 |    18 |    21 |    25 |     2 ||   118
       Ration            |       |       |     1 |     2 |     6 |     5 |     3 |     3 |     6 ||    26
Armor: Scale mail        |    58 |   138 |   382 |   544 |   557 |       |       |       |       ||  1679
       Plate armour      |       |       |       |       |   367 |  1111 |   566 |   692 |   743 ||  3479
Dodge: Dodged            |    35 |    77 |   250 |   386 |   837 |   884 |   761 |   927 |   782 ||  4939
       Deflected         |       |       |       |       |       |    47 |    73 |    69 |    38 ||   227
Block: Shield            |    78 |   104 |   373 |   581 |  1126 |  1422 |  1057 |  1216 |   761 ||  6718
       Reflection        |       |       |       |       |       |       |    47 |    86 |    30 ||   163
       Rpst.: Long sword |    10 |    32 |    71 |    62 |       |       |       |       |       ||   175
       Falchion          |       |       |       |    47 |   231 |   171 |       |       |       ||   449
       Eudemon blade     |       |       |       |       |       |    15 |   138 |   175 |   101 ||   429

Table legend:
 A = Spawn XP
 B = Non-spawn XP
 C = Spawn XP percentage of total XP
 D = Spawn monster count
 E = Non-spawn monster count
 F = Spawn count percentage of total count
 G = Total turns spent on level
                    A         B        C        D         E        F      G
               +---------+---------+-------+---------+---------+-------+---------
         Total |   13398 | 1164945 |   1.1 |      31 |    2142 |   1.4 | 55640
               +---------+---------+-------+---------+---------+-------+---------
           D:1 |       0 |      30 |   0.0 |       0 |      16 |   0.0 |   847
           D:2 |       0 |     100 |   0.0 |       0 |      29 |   0.0 |   873
           D:3 |       0 |     119 |   0.0 |       0 |      28 |   0.0 |   479
           D:4 |       0 |    1166 |   0.0 |       0 |      15 |   0.0 |  1668
           D:5 |       0 |     734 |   0.0 |       0 |      32 |   0.0 |  1445
           D:6 |       0 |    1479 |   0.0 |       0 |      27 |   0.0 |   825
           D:7 |       0 |    1871 |   0.0 |       0 |      62 |   0.0 |  1704
           D:8 |       0 |    1964 |   0.0 |       0 |      35 |   0.0 |   976
           D:9 |       0 |    5273 |   0.0 |       0 |      42 |   0.0 |  1130
          D:10 |       0 |    3163 |   0.0 |       0 |      30 |   0.0 |   829
          D:11 |       0 |    2271 |   0.0 |       0 |      18 |   0.0 |   892
          D:12 |       0 |    8741 |   0.0 |       0 |      42 |   0.0 |  1142
          D:13 |       0 |   11334 |   0.0 |       0 |      44 |   0.0 |  1055
          D:14 |       0 |   17216 |   0.0 |       0 |      39 |   0.0 |  1642
          D:15 |       0 |   18175 |   0.0 |       0 |      41 |   0.0 |  1205
        Lair:1 |       0 |    1447 |   0.0 |       0 |       7 |   0.0 |   809
        Lair:2 |       0 |    7582 |   0.0 |       0 |      31 |   0.0 |  1169
        Lair:3 |       0 |    5901 |   0.0 |       0 |      24 |   0.0 |  1471
        Lair:4 |       0 |    2611 |   0.0 |       0 |      14 |   0.0 |  1050
        Lair:5 |       0 |   12285 |   0.0 |       0 |      41 |   0.0 |  1122
        Lair:6 |       0 |   29853 |   0.0 |       0 |      75 |   0.0 |  1769
       Swamp:1 |       0 |   16852 |   0.0 |       0 |      37 |   0.0 |   995
       Swamp:2 |       0 |   11382 |   0.0 |       0 |      34 |   0.0 |   668
       Swamp:3 |       0 |   19043 |   0.0 |       0 |      51 |   0.0 |  1112
       Swamp:4 |       0 |   41483 |   0.0 |       0 |      78 |   0.0 |  1341
       Snake:1 |       0 |   15641 |   0.0 |       0 |      28 |   0.0 |   893
       Snake:2 |       0 |   17392 |   0.0 |       0 |      26 |   0.0 |  1028
       Snake:3 |       0 |   23454 |   0.0 |       0 |      38 |   0.0 |  1061
       Snake:4 |       0 |   40380 |   0.0 |       0 |      78 |   0.0 |  1186
       Slime:1 |       0 |    9796 |   0.0 |       0 |      10 |   0.0 |   235
       Slime:2 |       0 |    2395 |   0.0 |       0 |       1 |   0.0 |   139
       Slime:3 |       0 |   12889 |   0.0 |       0 |      21 |   0.0 |   471
       Slime:4 |       0 |   14933 |   0.0 |       0 |      25 |   0.0 |  1142
       Slime:5 |       0 |   40373 |   0.0 |       0 |      18 |   0.0 |  1109
         Orc:1 |       0 |   12580 |   0.0 |       0 |      73 |   0.0 |  1465
         Orc:2 |       0 |   12204 |   0.0 |       0 |      45 |   0.0 |   891
         Elf:1 |       0 |   38889 |   0.0 |       0 |      68 |   0.0 |  1269
         Elf:2 |       0 |   51785 |   0.0 |       0 |      63 |   0.0 |  1210
         Elf:3 |       0 |   52210 |   0.0 |       0 |      54 |   0.0 |  1141
      Vaults:1 |       0 |   41672 |   0.0 |       0 |      84 |   0.0 |  1786
      Vaults:2 |       0 |   39358 |   0.0 |       0 |      65 |   0.0 |  1425
      Vaults:3 |       0 |   56396 |   0.0 |       0 |      89 |   0.0 |  1662
      Vaults:4 |       0 |   35112 |   0.0 |       0 |      43 |   0.0 |  1357
      Vaults:5 |       0 |  102072 |   0.0 |       0 |      93 |   0.0 |   276
      Depths:1 |       0 |   61729 |   0.0 |       0 |      64 |   0.0 |  1273
      Depths:2 |       0 |   37378 |   0.0 |       0 |      40 |   0.0 |   879
      Depths:3 |       0 |   85922 |   0.0 |       0 |      82 |   0.0 |  1537
      Depths:4 |       0 |   84605 |   0.0 |       0 |      86 |   0.0 |  1696
      Depths:5 |       0 |   48202 |   0.0 |       0 |      45 |   0.0 |  1428
       Abyss:4 |   13398 |    3312 |  80.2 |      31 |       4 |  88.6 |   314
           Lab |       0 |    2191 |   0.0 |       0 |       7 |   0.0 |   303
               +---------+---------+-------+---------+---------+-------+---------
